 Dungeon Crawl Stone Soup version 0.30-a0-52-g86a8295270 (webtiles) character file.

Game seed: 13571914465013516128

681 bande the Chopper (level 7, -3/44 HPs)
             Began as a Gargoyle Fighter on July 23, 2022.
             Slain by a steam dragon (6 damage)
             ... on level 5 of the Dungeon on Sept 6, 2022.
             The game lasted 00:10:34 (3836 turns).

bande the Chopper (Gargoyle Fighter)                Turns: 3836, Time: 00:10:35

Health: -3/44      AC: 15    Str: 23    XL:     7   Next: 61%
Magic:  7/7        EV:  9    Int:  8    God:
Gold:   47         SH:  5    Dex: 17    Spells: 6/6 levels left

rFire   . . .      SeeInvis .    a - +1 war axe
rCold   . . .      Faith    .    c - +0 buckler
rNeg    + . .      Spirit   .    u - +1 scale mail of Resourcefulness {Regen+ Str+3}
rPois   ∞          Reflect  .    e - +0 helmet
rElec   +          Harm     .    (no cloak)
rCorr   .          Rampage  .    (no gloves)
Will    +....                    s - +0 pair of boots
Stlth   ..........               (no amulet)
HPRegen 0.94/turn                h - ring of willpower
MPRegen 0.10/turn                p - +6 ring of dexterity

@: no status effects
A: sickness immunity, AC +4, negative energy resistance 1, electricity
resistance, torment resistance 1, petrification resistance
a: no special abilities


You were on level 5 of the Dungeon.
You visited 1 branch of the dungeon, and saw 5 of its levels.

You collected 236 gold pieces.
You spent 189 gold pieces at shops.

Inventory:

Hand Weapons
 a - a +1 war axe (weapon)
 b - a +0 vorpal flail
Armour
 c - a +0 buckler (worn)
 e - a +0 helmet (worn)
 s - a +0 pair of boots (worn)
 u - the +1 scale mail of Resourcefulness (worn) {Regen+ Str+3}
   (You bought it in a shop on level 4 of the Dungeon)

   Str:       It affects your strength (+3).
   Regen:     It increases your rate of health regeneration.
Jewellery
 f - a ring of protection from cold
 h - a ring of willpower (left hand)
 k - a ring of fire
 p - a +6 ring of dexterity (right hand)
Wands
 t - a wand of flame (11)
Scrolls
 j - 6 scrolls of teleportation
 o - a scroll of magic mapping
Potions
 d - a potion of might
 g - a potion of attraction {unknown}
 l - a potion of curing
 m - a potion of brilliance {unknown}
 q - a potion of lignification {unknown}


   Skills:
 + Level 4.7 Fighting
 + Level 5.5 Axes
 + Level 4.6 Armour
 - Level 0.1 Dodging
 - Level 0.2 Stealth
 + Level 4.6 Shields
 * Level 1.2 Evocations


You had 6 spell levels left.
You didn't know any spells.
Your spell library contained the following spells:

 Spells                   Type           Power      Damage    Failure   Level
 Poisonous Vapours        Pois/Air       0%         N/A       91%         2
 Confusing Touch          Hex            0%         N/A       99%         3
 Conjure Flame            Conj/Fire      0%         6-21      99%         3
 Ignite Poison            Fire/Tmut/Pois 0%         N/A       99%         3
 Corpse Rot               Necr/Pois/Air  0%         N/A       100%        4
 Sticky Flame             Conj/Fire      0%         2d3       100%        4
 Yara's Violent Unravell  Hex/Tmut       0%         3d3       100%        5
 Enfeeble                 Hex            0%         N/A       100%        7


Dungeon Overview and Level Annotations

Branches:
Dungeon (5/15)
 Temple: D:4-7

Altars:
Yredelemnul

Shops:
D:2 :   D:4 [


Innate Abilities, Weirdness & Mutations

You are immune to sickness and miasma.
Your stone body is resilient. (AC +4)
You are immune to poison.
You resist negative energy. (rN+)
You are resistant to electric shocks. (rElec)
You are resistant to unholy torment.
You are immune to petrification.


Message History

A steam dragon is nearby!
A steam dragon is nearby!
You climb upwards.
There is a stone staircase leading down here.
You start resting.
HP restored.
You start waiting.
Done waiting.
You climb downwards.
There is a stone staircase leading up here.
You slash the steam dragon!
The steam dragon is moderately wounded.
The steam dragon bites you! You block the steam dragon's attack.
You slash the steam dragon!
The steam dragon is severely wounded.
The steam dragon bites you.
The steam dragon claws you but does no damage.
The steam dragon bites you. The steam dragon claws you.
You barely miss the steam dragon.
The steam dragon is severely wounded.
You block the steam dragon's attack. x2
You barely miss the steam dragon.
The steam dragon is severely wounded.
The steam dragon breathes steam at you. The ball of steam hits you!
* * * LOW HITPOINT WARNING * * *
You hear a shout! x3
You are too injured to fight recklessly!
You are too injured to fight recklessly!
You are too injured to fight recklessly!
You are too injured to fight recklessly!
You are too injured to fight recklessly!
You are too injured to fight recklessly!
Unknown command.
You closely miss the steam dragon.
The steam dragon is severely wounded.
You are engulfed in a cloud of scalding steam.
* * * LOW HITPOINT WARNING * * *
The steam dragon bites you.
You die...

.# .
.############.
.................
...#.....$.(.....
..<..............
.#...............
..!....D.........
#......@.........
##.....§.........
#......§.<.......
#.......†[.......
....#.....#......
..#.#########....
. # ... .# .


You could see a steam dragon (catching breath).

Vanquished Creatures
  An ogre (D:4)
  3 scorpions
  2 howler monkeys (D:4)
  2 hounds (D:4)
  A jelly (D:5)
  An orc priest (D:5)
  2 orc wizards (D:4)
  6 adders
  2 adder zombies (D:2)
  An adder skeleton (D:2)
  4 worms
  3 dart slugs
  3 orcs (D:4)
  8 bats
  A bat skeleton (D:2)
  10 endoplasms
  4 giant cockroaches
  5 goblins
  6 hobgoblins
  8 jackals
  7 kobolds
  2 quokkas
  A ball python (D:4)
  8 frilled lizards
  3 giant cockroach zombies (D:2)
  2 quokka zombies (D:2)
  6 rats
102 creatures vanquished.

Vanquished Creatures (collateral kills)
  An adder (D:2)
1 creature vanquished.

Vanquished Creatures (others)
  3 withered plants (D:2)
3 creatures vanquished.

Grand Total: 106 creatures vanquished

Notes
Turn   | Place    | Note
-------+----------+-------------------------------------------
     0 | D:1      | bande the Gargoyle Fighter began the quest for the Orb.
     0 | D:1      | Reached XP level 1. HP: 14/14 MP: 1/1
    68 | D:1      | Reached XP level 2. HP: 19/19 MP: 2/2
   107 | D:1      | Reached skill level 2 in Axes
   275 | D:1      | Reached XP level 3. HP: 23/23 MP: 3/3
  1022 | D:2      | Found Seock's Book Emporium.
  1256 | D:2      | Found a basalt altar of Yredelemnul.
  1270 | D:2      | Reached XP level 4. HP: 29/29 MP: 4/4
  2038 | D:3      | Found a faded altar of an unknown god.
  2063 | D:3      | Reached skill level 3 in Axes
  2178 | D:3      | Reached XP level 5. HP: 22/33 MP: 5/5
  2641 | D:3      | Upgraded the game from 0.29-a0-892-g2c4c91d9db to
                  | 0.30-a0-52-g86a8295270
  3120 | D:4      | Reached skill level 4 in Axes
  3120 | D:4      | Reached XP level 6. HP: 37/38 MP: 6/6
  3218 | D:4      | Reached XP level 7. HP: 36/44 MP: 7/7
  3287 | D:4      | Found Anunladd's Antique Armour Boutique.
  3295 | D:4      | Bought a transparent scale mail for 189 gold pieces
  3295 | D:4      | Identified the +1 scale mail of Resourcefulness {Regen+
                  | Str+3} (You bought it in a shop on level 4 of the Dungeon)
  3593 | D:5      | Entered Level 5 of the Dungeon
  3628 | D:4      | Reached skill level 5 in Axes
  3687 | D:4      | Reached skill level 1 in Evocations
  3719 | D:5      | Noticed a steam dragon
  3836 | D:5      | HP: 2/44 [steam dragon] (9)]
  3836 | D:5      | Slain by a steam dragon

Illustrated notes

Levels and vault maps discovered:
D:1:      dpeg_arrival_simpleton_c, layout_basic, chequers_decorated_corner,
          minmay_heptomino_w4
D:2:      wander_river, layout_rooms, serial_shops, nicolae_square_shop,
          serial_undead, serial_undead_b, serial_undead_a, serial_undead_e,
          serial_undead_e, serial_undead_b, serial_undead_d, serial_undead_d,
          serial_undead_b, basic_altar, hex_tiny, nicolae_wormholes
D:3:      layout_basic, ebering_ecumenical_altar_ruins
D:4:      layout_rooms, serial_shops, shop_statue
D:5:      layout_rooms, serial_corexii_hall, corexii_hall_statues_l,
          chequers_hall_statues_wall_a, chequers_hall_statues_y,
          hangedman_abyss_or_decor_stabs

Skill      XL: |  1  2  3  4  5  6  7 |
---------------+----------------------+-----
Axes           | 2 3 4 5 |  5.5
Shields        | 4 |  4.6
Fighting       | 4 |  4.7
Armour         | 4 |  4.6
Evocations     | 1 |  1.2
Dodging        | |  0.1
Stealth        | |  0.2

Action                   |  1- 3 |  4- 6 |  7- 9 || total
-------------------------+-------+-------+-------++-------
Melee: War axe           |    88 |   171 |    56 ||   315
  Use: Scroll            |     3 |     3 |     1 ||     7
       Potion            |       |     1 |       ||     1
Armor: Scale mail        |    78 |   113 |    51 ||   242
Dodge: Dodged            |    49 |    99 |    22 ||   170
Block: Buckler           |    27 |    61 |    25 ||   113

Table legend: (Time is in decaauts)
 A = Elapsed time spent in this place.
 B = Non-inter-level travel time spent in this place.
 C = Inter-level travel time spent in this place.
 D = Time resting spent in this place.
 E = Time spent auto-exploring this place.
 F = Levels seen in this place.
 G = Mean time per level.
                   A        B        C        D        E       F      G
               +--------+--------+--------+--------+--------+-----+--------+
         Total |   3984 |   3905 |     79 |    522 |   2426 |   5 |  796.8 |
       Dungeon |   3984 |   3905 |     79 |    522 |   2426 |   5 |  796.8 |
               +--------+--------+--------+--------+--------+-----+--------+

Top non-repeatable levels by time:
     D:3: 1125 daAuts
     D:2: 1121 daAuts
     D:1: 963 daAuts
     D:4: 705 daAuts
     D:5: 67 daAuts
